 Dungeon Crawl Stone Soup version 0.28.0-47-ge53b351184 (webtiles) character file.

Game seed: 4324653114715349014

78 Icepheonix32 the Chiller (level 4, 0/30 HPs)
             Began as a Demonspawn Ice Elementalist on May 4, 2022.
             Killed by nerve-wracking pain
             ... invoked by an orc priest
              (14 damage)
             ... on level 3 of the Dungeon.
             The game lasted 00:03:01 (2141 turns).

Icepheonix32 the Chiller (DsIE)                     Turns: 2141, Time: 00:03:02

Health: 0/30       AC:  2    Str:  8    XL:     4   Next: 15%
Magic:  3/7        EV: 11    Int: 18    God:
Gold:   61         SH:  6    Dex: 14    Spells: 7/8 levels left

rFire   . . .      SeeInvis .   d - +1 dagger
rCold   . . .      Faith    .   i - +3 warlock's mirror {reflect}
rNeg    . . .      Spirit   .   a - +0 robe
rPois   .          Reflect  +   (no helmet)
rElec   .          Harm     .   (no cloak)
rCorr   .          Rampage  .   (no gloves)
Will    .....                   (no boots)
Stlth   ++........              (no amulet)
HPRegen 0.10/turn               (no ring)
MPRegen 0.20/turn               (no ring)

@: very slightly contaminated
A: foul stench 1, magic regeneration
a: no special abilities


You were on level 3 of the Dungeon.
You visited 1 branch of the dungeon, and saw 3 of its levels.

You collected 61 gold pieces.

Inventory:

Hand Weapons
 d - a +1 dagger (weapon)
Missiles
 h - 4 javelins
Armour
 a - a +0 robe (worn)
 i - the +3 warlock's mirror (worn) {reflect}
   (You found it on level 2 of the Dungeon)

   It can block and reflect piercing ranged attacks and magical attacks against
   the wielder's willpower.
Jewellery
 j - an amulet of faith
 l - the ring of the Frog {rCorr MP+9}
   (You found it on level 2 of the Dungeon)

   [ring of magical power]

   MP:        It affects your magic capacity (+9).
   rCorr:     It protects you from acid and corrosion.
Scrolls
 f - a scroll of magic mapping
Potions
 b - 2 potions of heal wounds {unknown}
 c - 4 potions of curing {unknown}
 e - a potion of mutation {unknown}


   Skills:
 - Level 1.7 Dodging
 - Level 1.7 Stealth
 * Level 0.3 Shields
 + Level 2.6 Spellcasting
 + Level 4.8 Ice Magic


You had 7 spell levels left.
You knew the following spells:

 Your Spells              Type           Power      Damage    Failure   Level
a - Freeze                Ice            76%        1d9       3%          1

Your spell library contained the following spells:

 Spells                   Type           Power      Damage    Failure   Level
 Frozen Ramparts          Ice            38%        1d5       10%         3
 Ozocubu's Armour         Ice            19%        N/A       10%         3
 Corpse Rot               Necr/Air       4%         N/A       34%         2
 Poisonous Vapours        Pois/Air       4%         N/A       34%         2
 Hailstorm                Conj/Ice       11%        3d5       65%         4


Dungeon Overview and Level Annotations

Branches:
Dungeon (3/15)

Altars:
Fedhas


Innate Abilities, Weirdness & Mutations

You may rarely emit foul miasma when damaged in melee.
You regenerate magic rapidly.


Message History

The orc priest shouts!
The orc shouts! x2
You freeze the orc.
The orc is moderately wounded.
You freeze the orc.
You kill the orc!
You freeze the orc.
The orc is almost dead.
You hit the orc but do no damage.
The orc is almost dead.
The orc hits you but does no damage.
You closely miss the orc.
The orc is almost dead.
The orc misses you. The orc hits you with a +0 club.
You hit the orc but do no damage.
The orc is almost dead.
You block the orc's attack. The orc hits you with a +0 club.
You barely miss the orc.
The orc is almost dead.
The orc hits you with a +0 short sword. The orc barely misses you.
You miscast Freeze.
You are very lightly contaminated with residual magic.
Nothing appears to happen.
The orc closely misses you. The orc hits you with a +0 club.
The orc priest looks braver for a moment.
You freeze the orc.
You kill the orc!
The orc hits you with a +0 short sword.
You are too injured to fight recklessly!
Unknown command.
Casting: Freeze (safe; 3% risk of failure)
Confirm with . or Enter, or press ? or * to list all spells.
Aiming: Freeze (safe; 3% risk of failure)
Press: ? - help, Shift-Dir - straight line, f - orc priest
Aim: an orc priest, wielding a +0 hand axe You freeze the orc priest.
The orc priest is moderately wounded.
The orc priest invokes the aid of Beogh against you.
Pain shoots through your body!
You die...

### # ..# #.#.#
o#.## ... #. # #.#
#######..
#.###o###........
##...@o..#.#......
#.......##..#.....
#...##..##...#...#
#.......##....#...
#....##.##.....#..
#.......#.......#
##......<....#....
........†...#.#.#.
.##...........#..


You could see an orc priest and an orc.

Vanquished Creatures
  Jessica (D:2)
  An adder (D:3)
  A dart slug (D:1)
  3 orcs
  4 endoplasms
  3 giant cockroaches
  2 goblins (D:2)
  5 hobgoblins (D:1)
  2 quokkas (D:2)
  4 ball pythons
  2 bats (D:1)
  3 frilled lizards
  2 kobolds
  4 rats
37 creatures vanquished.

Notes
Turn   | Place    | Note
-------+----------+-------------------------------------------
     0 | D:1      | Icepheonix32 the Demonspawn Ice Elementalist began the
                  | quest for the Orb.
     0 | D:1      | Reached XP level 1. HP: 13/13 MP: 3/3
   246 | D:1      | Reached skill level 4 in Ice Magic
   492 | D:1      | Gained mutation: You regenerate magic rapidly. [demonic
                  | ancestry]
   492 | D:1      | Reached XP level 2. HP: 17/19 MP: 0/5
   919 | D:1      | Found a faded altar of an unknown god.
  1301 | D:2      | Noticed Jessica
  1306 | D:2      | Killed Jessica
  1307 | D:2      | Reached XP level 3. HP: 24/24 MP: 4/6
  1325 | D:2      | Found the +3 warlock's mirror {reflect}
  1798 | D:2      | Found a blossoming altar of Fedhas.
  2005 | D:2      | Identified the ring of the Frog {rCorr MP+9}
  2067 | D:3      | Gained mutation: You may rarely emit foul miasma when
                  | damaged in melee. [demonic ancestry]
  2067 | D:3      | Reached XP level 4. HP: 25/30 MP: 4/7
  2141 | D:3      | Killed from afar by an orc priest

Illustrated notes

Levels and vault maps discovered:
D:1:      minmay_arrival_nine_rooms, layout_basic,
          shapermc_ecumenical_altar_mp_vishouse
D:2:      layout_basic, basic_altar, uniq_jessica
D:3:      cheibrodos_old_hovel, layout_loops_cross, hangedman_decor_opposing,
          roderic_lattice_a, uniq_terence, uniq_sigmund

Skill      XL: |  1 |
---------------+----+-----
Ice Magic      | 4 |  4.8
Dodging        | |  1.7
Stealth        | |  1.7
Shields        | |  0.3
Spellcasting   | |  2.6

Action                   |  1- 3 |  4- 6 || total
-------------------------+-------+-------++-------
Melee: Unarmed           |    14 |       ||    14
       Dagger            |    19 |     4 ||    23
       Punch             |     1 |       ||     1
 Cast: Freeze            |    47 |     5 ||    52
  Use: Scroll            |     3 |       ||     3
 Stab: Sleeping          |     3 |       ||     3
Armor: Robe              |    17 |     1 ||    18
Dodge: Dodged            |    49 |     3 ||    52
Block: Buckler           |     5 |     1 ||     6
